[Event "Titled Tuesday Blitz June 28 Early 2022"]
[White "Adewumi, Tanitoluwa"]
[Black "Gallegos Diaz, Carlos Alberto"]
[WhiteFideId "30966396"]
[BlackFideId "3900886"]
[WhiteElo "2666"]
[BlackElo "2362"]
[Result "1-0"]
[Round "01"]
[TimeControl "180+1"]
[Date "2022.06.28"]
[WhiteClock "0:00:27"]
[BlackClock "0:00:15"]

1. e4 d6 2. Nf3 Nf6 3. Nc3 c6 4. d4 Qa5 5. Bd2 e5 6. Bd3 Qc7 7. h3 Be7 8. O-O O-O 9. a4 Nbd7 10. Qe2 Re8 11. Rae1 h6 12. Kh2 Bf8 13. dxe5 dxe5 14. Nh4 a6 15. Nf5 b5 16. Qf3 Bb7 17. Qg3 Kh8 18. Qh4 Re6 19. Re3 Nc5 20. Rg3 Nh7 21. f4 Rg6 22. fxe5 Ne6 23. Nd6 Bxd6 24. exd6 Qxd6 25. e5 Qxe5 26. Bxg6 fxg6 27. Qe7 Rf8 28. Rxf8+ Nexf8 29. Qxe5 1-0


[Site "https://www.chess.com"]

[Event "Titled Tuesday Blitz June 28 Early 2022"]
[White "Agibileg, Uurtsaikh"]
[Black "Boraso, Alessio"]
[WhiteFideId "4901606"]
[BlackFideId "848077"]
[WhiteElo "2205"]
[BlackElo "2286"]
[Result "1-0"]
[Round "01"]
[TimeControl "180+1"]
[Date "2022.06.28"]
[WhiteClock "0:00:18"]
[BlackClock "0:00:01"]

1. d4 Nf6 2. c4 c5 3. d5 e6 4. Nc3 exd5 5. cxd5 d6 6. e4 g6 7. Bd3 Bg7 8. h3 O-O 9. Nf3 a6 10. a4 Nh5 11. O-O Nd7 12. Bg5 Qc7 13. Re1 h6 14. Be3 Re8 15. Qd2 Kh7 16. Rad1 Rb8 17. Kh1 Ne5 18. Nxe5 Rxe5 19. g4 Nf6 20. f4 Re8 21. e5 dxe5 22. d6 Qc6+ 23. Qg2 e4 24. Bc2 Bd7 25. g5 Nh5 26. Nd5 Bf5 27. Bb3 Rbd8 28. Ne7 Qd7 29. Bxf7 Rf8 30. Bc4 Bxh3 31. Qh2 Bg4 32. Be2 Bxe2 33. Rxe2 Qg4 34. Rg1 Qf3+ 35. Reg2 Qxe3 36. gxh6 Bd4 37. Nxg6 Rg8 38. Qxh5 Rxd6 39. Qf5 Rdxg6 40. Rxg6 Kh8 41. Rxg8# 1-0


[Site "https://www.chess.com"]

[Event "Titled Tuesday Blitz June 28 Early 2022"]
[White "Aldokhin, Ivan"]
[Black "Rosenberg, Evan S"]
[WhiteFideId "24115720"]
[BlackFideId "2019299"]
[WhiteElo "2231"]
[BlackElo "2145"]
[Result "1-0"]
[Round "01"]
[TimeControl "180+1"]
[Date "2022.06.28"]
[WhiteClock "0:01:07"]
[BlackClock "0:00:05"]

1. e4 e6 2. d4 d5 3. Nd2 c5 4. exd5 cxd4 5. Ngf3 Qxd5 6. Bc4 Qd6 7. O-O Nf6 8. Nb3 Nc6 9. Qe2 Be7 10. Rd1 e5 11. c3 O-O 12. h3 Rd8 13. Bg5 Bf5 14. cxd4 exd4 15. Nbxd4 Qc5 16. Nxc6 bxc6 17. Ne5 Nd5 18. Bxe7 Qxe7 19. Nxc6 Qxe2 20. Bxe2 Nf4 21. Rxd8+ Rxd8 22. Nxd8 Nxe2+ 23. Kf1 Nd4 24. Rd1 Nb5 25. Nc6 Kf8 1-0


[Site "https://www.chess.com"]

[Event "Titled Tuesday Blitz June 28 Early 2022"]
[White "Andreikin, Dmitry"]
[Black "Al-Tarboush, Ward"]
[WhiteFideId "4158814"]
[BlackFideId "7601450"]
[WhiteElo "2736"]
[BlackElo "2249"]
[Result "1-0"]
[Round "01"]
[TimeControl "180+1"]
[Date "2022.06.28"]
[WhiteClock "0:01:58"]
[BlackClock "0:00:02"]

1. d4 d5 2. c4 c6 3. Nf3 Nf6 4. Qc2 dxc4 5. e4 b5 6. b3 cxb3 7. axb3 e6 8. Bd3 Qb6 9. O-O Na6 10. Nc3 Nb4 11. Qe2 Nxd3 12. Qxd3 Be7 13. Bg5 h6 14. Bh4 O-O 15. e5 Qd8 16. exf6 Bxf6 17. Bxf6 Qxf6 18. Ne4 Qe7 19. Ne5 Bd7 20. Qc3 Rfc8 21. Qc5 Qd8 22. Nd6 Rc7 23. Ndxf7 Qh4 24. Qd6 Rb7 25. Nxh6+ Qxh6 26. h3 Be8 27. Ra6 Qf6 28. Rc1 Qe7 29. Qxe7 Rxe7 30. f4 Rc7 31. Kf2 Rac8 32. b4 Kf8 33. Ke3 Ke7 34. Rca1 Ra8 35. g4 Kd6 36. h4 g6 37. Ke4 Rh7 38. Rh1 Rd8 39. Nf3 Ra8 40. Ng5 Re7 41. Rc1 Kc7 42. Ke5 Kb7 43. Rca1 Rd7 44. Nxe6 Rd5+ 45. Ke4 Bd7 46. Nc5+ Kb8 47. Nxd7+ Rxd7 48. Rxc6 Kb7 49. Re6 Rad8 50. Rd1 Rc8 51. Rxg6 Rc4 52. h5 Rxb4 53. h6 Rb2 54. Rg7 Re2+ 55. Kf5 Ree7 56. Kf6 Rxg7 57. hxg7 Rd8 58. Kf7 Rd7+ 59. Kg6 Rd8 60. f5 b4 61. f6 a5 62. f7 Rd6+ 63. Kh7 a4 64. f8=Q Rd7 65. Qxb4+ Kc6 66. Qxa4+ Kd6 67. Qxd7+ 1-0


[Site "https://www.chess.com"]

[Event "Titled Tuesday Blitz June 28 Early 2022"]
[White "Araujo Sanchez, Josue"]
[Black "Novikova, Galina"]
[WhiteFideId "6416896"]
[BlackFideId "4157095"]
[WhiteElo "2339"]
[BlackElo "1863"]
[Result "1-0"]
[Round "01"]
[TimeControl "180+1"]
[Date "2022.06.28"]
[WhiteClock "0:01:42"]
[BlackClock "0:00:08"]

1. Nf3 e6 2. c4 f5 3. g3 Nf6 4. Bg2 d6 5. O-O Be7 6. d4 O-O 7. Nc3 a5 8. b3 Ne4 9. Nxe4 fxe4 10. Nd2 d5 11. f3 exf3 12. Nxf3 c5 13. e3 Nc6 14. Bb2 Bf6 15. Qd2 cxd4 16. exd4 a4 17. c5 b6 18. b4 bxc5 19. bxc5 Ba6 20. Rfe1 Qd7 21. Bc3 Bc4 22. Rab1 Rab8 23. Bh3 Rfe8 24. Rxb8 Nxb8 25. Rb1 Nc6 26. Re1 h6 27. Qc2 Re7 28. Re3 Kf7 29. Kg2 Qa7 30. Qf2 a3 31. Ne5+ Nxe5 32. dxe5 Qxc5 33. exf6 gxf6 34. Bxf6 1-0


[Site "https://www.chess.com"]

[Event "Titled Tuesday Blitz June 28 Early 2022"]
[White "Ardila, Oscar Humberto"]
[Black "Krishnan, Varun"]
[WhiteFideId "4404742"]
[BlackFideId "5054508"]
[WhiteElo "1956"]
[BlackElo "2571"]
[Result "0-1"]
[Round "01"]
[TimeControl "180+1"]
[Date "2022.06.28"]
[WhiteClock "0:00:09"]
[BlackClock "0:00:11"]

1. d4 Nf6 2. c4 e6 3. Nc3 d5 4. Nf3 Be7 5. Bf4 O-O 6. e3 c5 7. cxd5 exd5 8. h3 Nc6 9. Bb5 c4 10. O-O Bb4 11. Bxc6 bxc6 12. Ne5 Bb7 13. Qf3 Bxc3 14. bxc3 Ne4 15. Rfc1 f6 16. Ng4 h5 17. Nh2 Qe8 18. Rab1 Nd2 19. Qd1 Nxb1 20. Rxb1 Bc8 21. Nf3 Bf5 22. Rb7 Rf7 23. Rb2 Be4 24. Nd2 Bg6 25. Qa4 Qc8 26. Qb4 Bd3 27. Nf3 Be4 28. Nd2 Bd3 29. Bh2 Qf5 30. Qa4 Qe6 31. Qa6 Qc8 32. Qa3 Rb7 33. Bd6 Rxb2 34. Qxb2 Qd8 35. Bf4 Qb6 36. Qa3 Re8 37. Bd6 Bg6 38. Bc5 Qb7 39. Bd6 Qd7 40. Nf1 Qf5 41. Ng3 Qb1+ 42. Kh2 h4 43. Ne2 Qc2 44. Nf4 Be4 45. Qxa7 Bg6 46. Qd7 Bf7 47. Qxc6 Qxa2 48. Nxd5 Qxf2 49. Ne7+ Kh8 50. Qd7 Qxe3 51. Nf5 Qe6 52. Qxf7 Qxf7 0-1


[Site "https://www.chess.com"]

[Event "Titled Tuesday Blitz June 28 Early 2022"]
[White "Artemenko, Oleg"]
[Black "Zaksaite, Salomeja"]
[WhiteFideId "14201798"]
[BlackFideId "12801496"]
[WhiteElo "2287"]
[BlackElo "1953"]
[Result "1-0"]
[Round "01"]
[TimeControl "180+1"]
[Date "2022.06.28"]
[WhiteClock "0:01:20"]
[BlackClock "0:00:01"]

1. e4 c5 2. Nf3 e6 3. d4 cxd4 4. Nxd4 Nf6 5. Nc3 Nc6 6. Nxc6 bxc6 7. e5 Nd5 8. Ne4 Qc7 9. f4 Qb6 10. c4 Bb4+ 11. Ke2 f5 12. exf6 Nxf6 13. Be3 c5 14. Nxf6+ gxf6 15. a3 Rb8 16. Kf2 Ba5 17. b4 Bxb4 18. axb4 Qxb4 19. Qh5+ Kd8 20. Be2 Bb7 21. Bxc5 Qd2 22. Qh6 Rg8 23. Qxf6+ Kc8 24. Rhg1 Bxg2 25. Be3 Qc2 26. Qf7 Rg6 27. Qe8+ Kc7 28. Rxa7+ 1-0


[Site "https://www.chess.com"]

[Event "Titled Tuesday Blitz June 28 Early 2022"]
[White "Bachmann, Axel"]
[Black "Large, Peter G"]
[WhiteFideId "3700488"]
[BlackFideId "400866"]
[WhiteElo "2587"]
[BlackElo "2064"]
[Result "1-0"]
[Round "01"]
[TimeControl "180+1"]
[Date "2022.06.28"]
[WhiteClock "0:00:30"]
[BlackClock "0:00:07"]

1. d4 e6 2. c4 Nf6 3. Nf3 b6 4. a3 Bb7 5. Nc3 Ne4 6. Nxe4 Bxe4 7. Bf4 Be7 8. e3 O-O 9. Be2 d5 10. O-O Nd7 11. Nd2 Bg6 12. cxd5 exd5 13. Bb5 Nf6 14. Rc1 Bd6 15. Bc6 Rc8 16. Be5 Qe7 17. Nf3 Rfd8 18. Qb3 Be4 19. Bxd6 Rxd6 20. Ne5 h5 21. f3 Bf5 22. Rc3 Nd7 23. Bb7 Nxe5 24. dxe5 Qxe5 25. Bxc8 Bxc8 26. Rxc7 Ba6 27. Rd1 Bc4 28. Qc3 Qg5 29. Rxc4 Rg6 30. Rc8+ Kh7 31. Rd2 Qf5 32. Qc2 Qe6 33. Rc3 d4 34. Rxd4 1-0


[Site "https://www.chess.com"]

[Event "Titled Tuesday Blitz June 28 Early 2022"]
[White "Bagrationi, Alexander"]
[Black "Antonio, Jorge Carlos"]
[WhiteFideId "14104954"]
[BlackFideId "113190"]
[WhiteElo "2398"]
[BlackElo "2247"]
[Result "1-0"]
[Round "01"]
[TimeControl "180+1"]
[Date "2022.06.28"]
[WhiteClock "0:00:07"]
[BlackClock "0:00:09"]

1. d4 d5 2. c4 c6 3. Nf3 dxc4 4. a4 Nf6 5. Nc3 Bf5 6. Nh4 Bd7 7. e4 b5 8. e5 Nd5 9. g3 e6 10. Bg2 Na6 11. axb5 Nab4 12. bxc6 Bxc6 13. O-O Be7 14. Qg4 O-O 15. Bh6 g6 16. Bxf8 Bxf8 17. Rad1 Rb8 18. Ne4 Nd3 19. Nf3 Rxb2 20. Nfd2 c3 21. Nc4 Rb4 22. Rxd3 Rxc4 23. Rc1 h5 24. Qd1 Ba4 25. Qe2 c2 26. Rd2 Qc7 27. Nc5 Bh6 28. Qxc4 Bxd2 29. Qxa4 Bxc1 30. Qxc2 Ba3 31. Bxd5 exd5 32. e6 a5 33. exf7+ Qxf7 34. Nd3 Qf5 35. Qb3 Bd6 36. Nc5 h4 37. Nb7 hxg3 38. hxg3 Bb4 39. Nxa5 Bxa5 40. Qb8+ Kh7 41. Qa7+ Kh6 42. Qxa5 Qb1+ 43. Kh2 Qe4 44. Qd2+ Kg7 45. Qe3 Qf5 46. Qe5+ Qxe5 47. dxe5 d4 48. Kg2 g5 49. f4 g4 50. Kf2 Kg6 51. Ke2 Kf5 52. Kd3 1-0


[Site "https://www.chess.com"]

[Event "Titled Tuesday Blitz June 28 Early 2022"]
[White "Balint, Vilmos"]
[Black "Vlassov, Nikolai"]
[WhiteFideId "718050"]
[BlackFideId "4103360"]
[WhiteElo "2059"]
[BlackElo "2407"]
[Result "0-1"]
[Round "01"]
[TimeControl "180+1"]
[Date "2022.06.28"]
[WhiteClock "0:01:41"]
[BlackClock "0:00:09"]

1. d4 Nf6 2. c4 Nc6 3. d5 Ne5 4. e3 e6 5. dxe6 fxe6 6. Nf3 Nxf3+ 7. Qxf3 d5 8. Nc3 c6 9. Be2 Bd6 10. O-O O-O 11. Qh3 e5 12. Qh4 Be6 13. cxd5 cxd5 14. Rd1 Rc8 15. h3 Bb8 16. Bd2 a6 17. Be1 e4 18. Rac1 Qd6 19. g3 Qe5 20. Na4 Rxc1 21. Rxc1 d4 22. exd4 Qxd4 23. b3 Qd6 24. Nc5 Bd5 25. Bb4 e3 26. f4 a5 27. Ba3 b6 28. b4 bxc5 29. bxc5 Qe6 30. c6 Qe4 31. Bf3 Qxf3 0-1


[Site "https://www.chess.com"]

[Event "Titled Tuesday Blitz June 28 Early 2022"]
[White "Bekturov, Tamerlan"]
[Black "Pourkashiyan, Atousa"]
[WhiteFideId "13710184"]
[BlackFideId "12502014"]
[WhiteElo "2151"]
[BlackElo "2247"]
[Result "1-0"]
[Round "01"]
[TimeControl "180+1"]
[Date "2022.06.28"]
[WhiteClock "0:00:20"]
[BlackClock "0:00:02"]

1. d4 Nf6 2. c4 e6 3. g3 Bb4+ 4. Bd2 Bxd2+ 5. Qxd2 d5 6. Bg2 O-O 7. Nf3 b6 8. cxd5 exd5 9. O-O Be6 10. Nc3 c6 11. Ne5 Nfd7 12. Nd3 Re8 13. Rac1 Na6 14. Nf4 Nc7 15. e4 dxe4 16. Nxe4 Nd5 17. Rxc6 Nxf4 18. Qxf4 Bd5 19. Rd6 Bxe4 20. Bxe4 Qe7 21. Bxa8 Rxa8 22. Rc6 Nf6 23. Rfc1 Qd7 24. Rc7 Qh3 25. Qh4 Qf5 26. Qf4 Qh3 27. Re1 h6 28. Ree7 Rf8 29. Qf3 Ng4 30. Qg2 Qh5 31. Rxa7 Qb5 32. f3 Nf6 33. Qe2 Qc6 34. Kg2 h5 35. Re5 h4 36. Rae7 Rd8 37. Qd3 Ng4 38. Rh5 h3+ 39. Rxh3 g6 40. Rh4 Nf6 41. Re2 Nd5 42. Rhe4 Nb4 43. Qb3 Nd5 44. Rc2 Qd6 45. Rce2 Qc6 46. a4 Ra8 47. Qb5 Qxb5 48. axb5 Ra5 49. Re5 Rxb5 50. Kf2 Ra5 51. Rc2 Kg7 52. g4 1-0


[Site "https://www.chess.com"]

[Event "Titled Tuesday Blitz June 28 Early 2022"]
[White "Bellissimo, Joseph F."]
[Black "Donatti, Alvaro"]
[WhiteFideId "2609843"]
[BlackFideId "3000303"]
[WhiteElo "2061"]
[BlackElo "2138"]
[Result "1-0"]
[Round "01"]
[TimeControl "180+1"]
[Date "2022.06.28"]
[WhiteClock "0:01:53"]
[BlackClock "0:01:22"]

1. e4 c5 2. Nf3 e6 3. c3 Nc6 4. d4 cxd4 5. cxd4 d5 6. e5 Qb6 7. Nc3 Bd7 8. Be2 Nge7 9. Na4 Qc7 10. Nc5 Nf5 11. Be3 Bxc5 12. dxc5 O-O 13. Bf4 Nce7 14. Rc1 Ng6 15. Qd2 Nxf4 16. Qxf4 Rac8 17. O-O Qa5 18. a3 Bb5 19. b4 Qa6 20. Bxb5 Qxb5 21. Nd4 Nxd4 22. Qxd4 a5 23. f4 axb4 24. axb4 Ra8 25. Rf3 Ra2 26. f5 exf5 27. Rxf5 Qe2 28. Rf2 Qa6 29. Rxa2 Qxa2 30. b5 h6 31. c6 bxc6 32. bxc6 Rc8 33. h3 Qa6 34. Qxd5 Qe2 35. Kh1 Re8 36. c7 Qb2 37. c8=Q 1-0


[Site "https://www.chess.com"]

[Event "Titled Tuesday Blitz June 28 Early 2022"]
[White "Bettalli, Francesco"]
[Black "Blokhin, Sofia"]
[WhiteFideId "2816453"]
[BlackFideId "4508190"]
[WhiteElo "2216"]
[BlackElo "1760"]
[Result "1-0"]
[Round "01"]
[TimeControl "180+1"]
[Date "2022.06.28"]
[WhiteClock "0:00:33"]
[BlackClock "0:00:02"]

1. d4 f5 2. g4 fxg4 3. h3 d5 4. hxg4 Bxg4 5. Bh3 Bxh3 6. Nxh3 Nf6 7. Nc3 e6 8. Qd3 Nc6 9. Ng5 Qd7 10. Bf4 a6 11. O-O-O O-O-O 12. Nxh7 Nb4 13. Nxf6 Nxd3+ 14. cxd3 gxf6 15. Rxh8 Bg7 16. Rxd8+ Qxd8 17. Rg1 Qd7 18. Kd2 b5 19. b3 Kb7 20. Bg3 Bf8 21. Kc2 Qc6 22. Kb2 Ba3+ 23. Kxa3 Qxc3 24. Bf4 b4+ 25. Ka4 a5 26. Rc1 Qb2 27. Kxa5 Qa3+ 28. Kb5 c6+ 29. Rxc6 Qxa2 30. Rb6+ Kc8 31. Kc6 Qc2+ 32. Kb5 Qxb3 33. Bd6 Qa3 34. Bxb4 Qa2 35. Kc6 Qc2+ 36. Bc5 Qxe2 37. Ra6 Kb8 38. Bd6+ Kc8 39. Ra8# 1-0


[Site "https://www.chess.com"]

[Event "Titled Tuesday Blitz June 28 Early 2022"]
[White "Bintang, Rasyid A. Hidayat"]
[Black "Tatarinov, Dmitry"]
[WhiteFideId "7105355"]
[BlackFideId "24160067"]
[WhiteElo "2384"]
[BlackElo "2302"]
[Result "0-1"]
[Round "01"]
[TimeControl "180+1"]
[Date "2022.06.28"]
[WhiteClock "0:00:18"]
[BlackClock "0:01:04"]

1. d4 Nf6 2. Bf4 d6 3. Nc3 g6 4. e4 Bg7 5. Qd2 c6 6. O-O-O Nbd7 7. e5 Nh5 8. exd6 Nxf4 9. Qxf4 O-O 10. Nf3 Nb6 11. dxe7 Qxe7 12. Kb1 Be6 13. Bd3 Rad8 14. Rhe1 Rfe8 15. h4 Qb4 16. a3 Qa5 17. Ne4 Nd5 18. Qd2 Qxd2 19. Rxd2 Nf4 20. Bf1 Bd5 21. Ng3 Bxf3 22. Rxe8+ Rxe8 23. gxf3 Re1+ 24. Ka2 h5 25. Bc4 Bf6 26. Ne4 Bxh4 27. Nd6 Re7 28. b4 Kg7 29. a4 a6 30. b5 axb5 31. axb5 cxb5 32. Bxb5 Bf6 33. Bc4 h4 34. Ne4 h3 35. d5 h2 36. Ng3 Be5 37. Nh1 Rd7 38. Bb3 Bd6 39. c4 b6 40. Kb2 f5 41. Kc2 Kf6 42. Ba4 Ra7 43. Kb3 Bc5 44. Bb5 Ra3+ 45. Kb2 Rd3 46. Rxd3 Nxd3+ 47. Kc3 Nxf2 48. Ng3 h1=Q 0-1


[Site "https://www.chess.com"]

[Event "Titled Tuesday Blitz June 28 Early 2022"]
[White "Bluebaum, Matthias"]
[Black "Bellahcene, Bilel"]
[WhiteFideId "24651516"]
[BlackFideId "696358"]
[WhiteElo "2556"]
[BlackElo "2543"]
[Result "1-0"]
[Round "01"]
[TimeControl "180+1"]
[Date "2022.06.28"]
[WhiteClock "0:00:53"]
[BlackClock "0:00:01"]

1. d4 d5 2. c4 dxc4 3. e4 b5 4. a4 c6 5. Nc3 a6 6. Nf3 Bb7 7. Qc2 e6 8. Be2 Nf6 9. O-O Be7 10. e5 Nd5 11. Ne4 h6 12. b3 cxb3 13. Qxb3 Nd7 14. Bd2 O-O 15. Rfc1 Rc8 16. h4 b4 17. h5 c5 18. dxc5 Nxc5 19. Nxc5 Rxc5 20. Rxc5 Bxc5 21. Rc1 Qb6 22. Rc4 Bxf2+ 23. Kh2 a5 24. Rg4 Be3 25. Be1 Bf4+ 26. g3 Qe3 27. Qd1 Bxe5 28. Nxe5 Qxe5 29. Bf2 Ne3 30. Bxe3 Qxe3 31. Rf4 Qe5 32. Bg4 Qd5 33. Qg1 Rc8 34. Bf3 Rc2+ 35. Kh3 Qd7 36. Bxb7 Qxb7 37. Rd4 Qf3 38. Kh4 Qf6+ 39. Kh3 Kh7 40. Qd1 Rc5 41. g4 Rc3+ 42. Kg2 Qe5 43. Qb1+ g6 44. hxg6+ fxg6 45. Rd7+ Kg8 46. Qxg6+ Kf8 47. Qf7# 1-0


[Site "https://www.chess.com"]

[Event "Titled Tuesday Blitz June 28 Early 2022"]
[White "Boder, Jan"]
[Black "Rychagov, Andrey"]
[WhiteFideId "16243226"]
[BlackFideId "4119932"]
[WhiteElo "2064"]
[BlackElo "2460"]
[Result "0-1"]
[Round "01"]
[TimeControl "180+1"]
[Date "2022.06.28"]
[WhiteClock "0:00:03"]
[BlackClock "0:00:21"]

1. c4 e5 2. g3 Nc6 3. Bg2 Bc5 4. Nc3 Nf6 5. e3 O-O 6. Nge2 d5 7. d4 exd4 8. exd4 Bb4 9. cxd5 Nxd5 10. O-O Nxc3 11. bxc3 Bd6 12. c4 Bg4 13. Be3 Re8 14. Rb1 Bxe2 15. Qxe2 Nxd4 16. Qb2 Nf5 17. Qxb7 Nxe3 18. fxe3 Rb8 19. Qxb8 Qxb8 20. Rxb8 Rxb8 21. Bd5 Rf8 22. Rb1 Bc5 23. Kf2 Re8 24. Rb3 g6 25. Kf3 Kg7 26. e4 Rc8 27. Rb7 Bb6 28. a4 a5 29. e5 Kf8 30. h4 Ke7 31. g4 h6 32. h5 gxh5 33. gxh5 Bd4 34. Ke4 Bb6 35. Kf5 Bd4 36. Ke4 Bc5 37. Rb5 Bb4 38. Rb7 f6 39. e6 Kd6 40. Ra7 c6 41. Rd7+ Kc5 42. e7 cxd5+ 43. cxd5 Kb6 44. Rd8 Rc4+ 45. Kd3 Rc3+ 46. Kd4 Bxe7 47. Rb8+ Kc7 48. Rb5 Bb4 0-1


[Site "https://www.chess.com"]

[Event "Titled Tuesday Blitz June 28 Early 2022"]
[White "Bolanos, Fernando"]
[Black "Pulpan, Jakub"]
[WhiteFideId "3304094"]
[BlackFideId "302759"]
[WhiteElo "2048"]
[BlackElo "2495"]
[Result "0-1"]
[Round "01"]
[TimeControl "180+1"]
[Date "2022.06.28"]
[WhiteClock "0:00:02"]
[BlackClock "0:00:31"]

1. e4 e5 2. Nf3 Nc6 3. Bc4 Nf6 4. d3 Bc5 5. O-O d6 6. c3 a5 7. Nbd2 O-O 8. h3 h6 9. Re1 Be6 10. Bb3 a4 11. Bc2 b5 12. Nf1 Bb6 13. Be3 Bxe3 14. Nxe3 Ne7 15. d4 Ng6 16. Nf5 Re8 17. g3 c6 18. Kg2 Qc7 19. h4 Rad8 20. h5 Ne7 21. N3h4 Nxf5 22. Nxf5 Bxf5 23. exf5 c5 24. d5 Qb7 25. Be4 c4 26. f3 b4 27. g4 bxc3 28. bxc3 Nxe4 29. Rxe4 Qb2+ 30. Kg3 Qxc3 31. Rc1 Qa3 32. Rexc4 e4 33. Rxa4 Qe3 34. Rac4 exf3 35. Qxf3 Qd2 36. R4c2 Qd4 37. Rc4 Qa7 38. Re4 Qxa2 39. Rce1 Rxe4 40. Qxe4 Rc8 41. f6 gxf6 42. Re3 Kg7 43. Qf4 Rc2 44. Rf3 Qb2 45. Kh3 Rc1 0-1


[Site "https://www.chess.com"]

[Event "Titled Tuesday Blitz June 28 Early 2022"]
[White "Bommini, Mounika Akshaya"]
[Black "Papp, Levente"]
[WhiteFideId "25019872"]
[BlackFideId "751243"]
[WhiteElo "1680"]
[BlackElo "2308"]
[Result "0-1"]
[Round "01"]
[TimeControl "180+1"]
[Date "2022.06.28"]
[WhiteClock "0:00:50"]
[BlackClock "0:01:51"]

1. d4 e6 2. c4 b6 3. Nc3 Bb4 4. e4 Bb7 5. f3 Bxc3+ 6. bxc3 Qh4+ 7. g3 Qe7 8. Bd3 d6 9. Ne2 Nf6 10. O-O O-O 11. a4 a5 12. e5 dxe5 13. Ba3 c5 14. dxe5 Nfd7 15. f4 f6 16. exf6 Nxf6 17. Nd4 Qc7 18. Nf3 Nbd7 19. Qe2 Rfe8 20. Rfe1 Qc6 21. Rf1 e5 0-1


[Site "https://www.chess.com"]

[Event "Titled Tuesday Blitz June 28 Early 2022"]
[White "Bringas Gomez, Artai"]
[Black "Ozturk, Efe Hakan"]
[WhiteFideId "24534064"]
[BlackFideId "34550216"]
[WhiteElo "1988"]
[BlackElo "1924"]
[Result "0-1"]
[Round "01"]
[TimeControl "180+1"]
[Date "2022.06.28"]
[WhiteClock "0:00:03"]
[BlackClock "0:00:14"]

1. e4 e5 2. Nf3 Nc6 3. Bb5 a6 4. Ba4 Nf6 5. d3 b5 6. Bb3 d6 7. a3 Be7 8. Nc3 O-O 9. Bg5 Be6 10. Bxf6 Bxf6 11. Bd5 Qd7 12. O-O Rae8 13. b4 Nd4 14. Ne1 c6 15. Bxe6 fxe6 16. a4 d5 17. axb5 axb5 18. Ra6 Ra8 19. Qa1 Qb7 20. Ra5 Rxa5 21. bxa5 Ra8 22. Nf3 Nxf3+ 23. gxf3 Bd8 24. Ne2 d4 25. f4 Rxa5 26. Qc1 Qc7 27. Kh1 exf4 28. Rg1 e5 29. c3 c5 30. Qb1 Qf7 31. cxd4 cxd4 32. Qc1 Ra2 33. Qc8 Qe7 34. Re1 h6 35. Qc6 Kh7 36. Qc8 Ba5 37. Qf5+ g6 38. Qc8 Bxe1 39. Ng1 Rxf2 40. Qa8 f3 41. Qc8 Bd2 42. Qg4 Bf4 43. Nxf3 h5 44. Qh3 Qc7 45. Kg1 Ra2 46. Qe6 Qc1+ 47. Ne1 Qxe1# 0-1


[Site "https://www.chess.com"]

[Event "Titled Tuesday Blitz June 28 Early 2022"]
[White "Carrasco Miranda, Andres"]
[Black "Ferreira, Vitor Hugo Vieira"]
[WhiteFideId "3405990"]
[BlackFideId "2119765"]
[WhiteElo "2177"]
[BlackElo "2165"]
[Result "1-0"]
[Round "01"]
[TimeControl "180+1"]
[Date "2022.06.28"]
[WhiteClock "0:00:20"]
[BlackClock "0:00:04"]

1. d4 d5 2. c4 c6 3. Nf3 Nf6 4. e3 e6 5. b3 Nbd7 6. Bd3 Bd6 7. O-O O-O 8. Bb2 Qe7 9. Ne5 c5 10. cxd5 exd5 11. f4 Ne4 12. Nd2 f5 13. Ndf3 Ndf6 14. Rc1 Be6 15. Qe1 Rac8 16. Ng5 Nxg5 17. fxg5 Ne4 18. g6 Qg5 19. gxh7+ Kh8 20. Rf4 cxd4 21. Rxc8 Rxc8 22. Bxd4 Ba3 23. Qh4 Rc1+ 24. Bf1 Be7 25. Qxg5 Bxg5 26. Rxe4 fxe4 27. Ng6+ Kxh7 28. Nf8+ Kg8 29. Nxe6 Be7 30. Bxa7 Ra1 31. Nf4 Rxa2 32. Bd4 Ra5 33. Nxd5 Ba3 34. Nc3 Ra8 35. Nxe4 Re8 36. Ng5 Rc8 37. Bc4+ Kf8 38. Kf2 Ke7 39. h4 g6 40. g4 Bc1 41. h5 b5 42. Bxb5 gxh5 43. gxh5 Rc2+ 44. Be2 Rc6 45. Bf3 Rh6 46. Kg3 Ba3 47. Kg4 Bd6 48. Ne4 Bc7 49. Bg7 Rh7 50. h6 Kf7 51. Ng5+ Kg8 52. Nxh7 Kxh7 53. Be4+ Kg8 54. Bd4 Bd8 55. h7+ Kf7 56. h8=Q Bf6 57. Qxf6+ 1-0


[Site "https://www.chess.com"]

[Event "Titled Tuesday Blitz June 28 Early 2022"]
[White "Cervantes Landeiro, Thalia"]
[Black "Warmerdam, Max"]
[WhiteFideId "3520498"]
[BlackFideId "1048104"]
[WhiteElo "2042"]
[BlackElo "2537"]
[Result "1-0"]
[Round "01"]
[TimeControl "180+1"]
[Date "2022.06.28"]
[WhiteClock "0:00:17"]
[BlackClock "0:00:16"]

1. d4 d5 2. c4 e6 3. Nc3 a6 4. cxd5 exd5 5. Bf4 Nf6 6. e3 Bd6 7. Bg3 O-O 8. Bd3 Nc6 9. Nf3 Ne7 10. Qc2 c6 11. Ne5 g6 12. Bh4 Nf5 13. Bg5 h6 14. Bf4 Re8 15. O-O-O Kg7 16. g4 Nh4 17. Bxh6+ Kg8 18. Bg5 Nf3 19. Nxf3 Bxg4 20. Be2 Bf5 21. Qd2 Bb4 22. Ne5 Ne4 23. Bxd8 Nxd2 24. Rxd2 Raxd8 25. a3 Bd6 26. Nf3 Kg7 27. h4 Rh8 28. Ne5 Rde8 29. h5 Bxe5 30. dxe5 Rxe5 31. Rg1 Kf6 32. hxg6 fxg6 33. Bf3 Rh2 34. Rh1 Rxh1+ 35. Bxh1 g5 36. Ne2 Re7 37. Ng3 Rh7 38. Bf3 Bg6 39. Bg4 Rh2 40. Bc8 b6 41. Bxa6 Ke5 42. Bb7 Kd6 43. f4 Rh3 44. Rg2 Kc7 45. Ba6 g4 46. Be2 Rh4 47. Kd2 Kd6 48. Bd3 Bxd3 49. Kxd3 Ke6 50. e4 c5 51. exd5+ Kxd5 52. Ne2 Rh3+ 53. Rg3 Rh4 54. Nc3+ Ke6 55. Ke4 Kf6 56. Nd5+ Kg6 57. Nxb6 Kh5 58. Nd7 Rh1 59. Nxc5 Re1+ 60. Kf5 Rc1 61. Ne4 Kh4 62. Rxg4+ Kh3 63. Rg8 Kh2 64. Kg6 Rc6+ 65. Nf6 Rb6 66. b4 Ra6 67. f5 Rxa3 68. Ng4+ Kg3 69. Ne5 Kf4 70. Nd7 Ra7 71. Nf6 Rb7 72. Rd8 Ke5 73. Ng4+ Kf4 74. Rd4+ Kg3 75. f6 Rb6 76. Ne5 Rb5 77. Kg7 Rxe5 78. f7 Rg5+ 79. Kf8 Rf5 80. Re4 Kf3 81. Re7 Rb5 82. Ke8 Rb8+ 83. Kd7 Rf8 84. Ke6 Kf4 85. Re8 1-0


[Site "https://www.chess.com"]

[Event "Titled Tuesday Blitz June 28 Early 2022"]
[White "Chen, Qi b"]
[Black "Petrova, Irina"]
[WhiteFideId "8614733"]
[BlackFideId "14124122"]
[WhiteElo "2432"]
[BlackElo "1993"]
[Result "1-0"]
[Round "01"]
[TimeControl "180+1"]
[Date "2022.06.28"]
[WhiteClock "0:01:28"]
[BlackClock "0:00:29"]

1. d4 d6 2. c4 e5 3. Nf3 e4 4. Ng5 f5 5. Nc3 Be7 6. Nh3 Nf6 7. Nf4 O-O 8. h4 c6 9. e3 Na6 10. Be2 Nc7 11. d5 c5 12. Bd2 Nd7 13. h5 Ne5 14. Qc2 Bf6 15. O-O-O Bd7 16. f3 exf3 17. gxf3 b5 18. cxb5 c4 19. Rdg1 Qe8 20. Kb1 Rb8 21. h6 g6 22. Nh5 Nxb5 23. Nxf6+ Rxf6 24. Nxb5 Bxb5 25. Bc3 Ba4 26. Qd2 Rf7 27. Qd4 Kf8 28. f4 Nd3 29. Rxg6 Nxb2 30. Rg8+ Ke7 31. Rxe8+ Kxe8 32. Bxb2 Rfb7 33. Bxc4 1-0


[Site "https://www.chess.com"]

[Event "Titled Tuesday Blitz June 28 Early 2022"]
[White "Costachi, Mihnea"]
[Black "Buscar, Michael"]
[WhiteFideId "1217518"]
[BlackFideId "2603616"]
[WhiteElo "2476"]
[BlackElo "2010"]
[Result "1-0"]
[Round "01"]
[TimeControl "180+1"]
[Date "2022.06.28"]
[WhiteClock "0:00:33"]
[BlackClock "0:00:08"]

1. Nf3 Nf6 2. c4 e6 3. b3 b6 4. Bb2 Bb7 5. g3 d5 6. cxd5 exd5 7. Bg2 Be7 8. O-O O-O 9. d4 Nbd7 10. Ne5 Re8 11. Nc3 Nf8 12. Rc1 c5 13. dxc5 Bxc5 14. Na4 Bd6 15. Nc6 Qd7 16. Nd4 Ne6 17. Nf5 Bf8 18. Bxf6 gxf6 19. Nc3 d4 20. Bxb7 Qxb7 21. Nb5 Rad8 22. Nbxd4 Qe4 23. e3 Ng5 24. f3 Qb7 25. Kg2 Ne6 26. Qd3 Nc5 27. Qc4 Qd5 28. Qxd5 Rxd5 29. e4 Rd7 30. Rc2 Red8 31. Nc6 Rc8 32. Nb4 Rcd8 33. Nd5 Rxd5 34. exd5 Rxd5 35. g4 h5 36. Re1 Nd3 37. Re8 Nf4+ 38. Kg3 Ng6 39. Rxf8+ Kxf8 40. Rc8+ 1-0


[Site "https://www.chess.com"]